 Dungeon Crawl Stone Soup version 0.31-a0-1529-g7bd419a0e5 (webtiles) character file.

Game seed: 10161988285150342715

8533 avis the Severer (level 11, -1/99 HPs)
             Began as a Hill Orc Monk on Dec 31, 2023.
             Was an Elder of Beogh.
             Slain by a komodo dragon (25 damage)
             ... on level 1 of the Lair of Beasts.
             The game lasted 01:15:00 (11877 turns).

avis the Severer (Hill Orc Monk)                   Turns: 11877, Time: 01:15:00

Health: -1/99      AC: 10    Str: 19    XL:     11   Next: 32%
Magic:  15/15      EV: 10    Int: 10    God:    Beogh [****..]
Gold:   592        SH:  7    Dex: 13    Spells: 10/10 levels left

rFire   . . .        a - +0 war axe
rCold   . . .        X - +0 kite shield
rNeg    . . .        T - +0 acid dragon scales
rPois   +            E - melded +0 helmet
rElec   .            (cloak currently unavailable)
rCorr   +            Q - melded +0 pair of gloves
SInv    .            (boots currently unavailable)
Will    .....        g - amulet of the acrobat
Stlth   +            m - +4 ring of protection
HPRegen 0.36/turn    o - ring of poison resistance
MPRegen 0.14/turn

%: acrobat
@: beast-form
A: beast (slay +4)
a: Begin Untransformation, Renounce Religion, Smiting, Recall Orcish Followers


You were on level 1 of the Lair of Beasts.
You worshipped Beogh.
Beogh was greatly pleased with you.
You were a hulking beast.
You visited 3 branches of the dungeon, and saw 12 of its levels.

You collected 592 gold pieces.

Inventory:

Hand Weapons
 a - a +0 war axe (weapon)
 b - a +4 sling
Missiles
 i - 2 datura-tipped darts
 j - 7 curare-tipped darts (quivered)
 w - 16 poisoned darts
 A - 11 boomerangs
 I - 9 javelins
Armour
 x - an orb of wrath
 B - a +0 leather armour of poison resistance
 C - a scarf of resistance
 E - a +0 helmet (melded)
 F - a +0 chain mail
 Q - a +0 pair of gloves (melded)
 T - +0 acid dragon scales (worn)
 X - a +0 kite shield (worn)
Jewellery
 g - an amulet of the acrobat (around neck)
 m - a +4 ring of protection (left hand)
 o - a ring of poison resistance (right hand)
 p - a ring of positive energy
 z - a ring of willpower
 D - a ring of see invisible
Talismans
 e - a beast talisman (active)
 s - a serpent talisman
Wands
 h - a wand of iceblast (1)
 J - a wand of digging (9)
 L - a wand of flame (12)
 W - a wand of charming (11)
 Y - a wand of quicksilver (5)
Scrolls
 d - a scroll of brand weapon {unknown}
 f - 4 scrolls of revelation {unknown}
 k - 2 scrolls of enchant armour {unknown}
 n - 2 scrolls of teleportation {unknown}
 q - 3 scrolls of amnesia {unknown}
 r - 3 scrolls of fog {unknown}
 u - a scroll of blinking {unknown}
 y - 2 scrolls of poison {unknown}
 H - 2 scrolls of enchant weapon {unknown}
 N - 6 scrolls of fear {unknown}
 S - a scroll of noise {unknown}
 Z - 2 scrolls of vulnerability {unknown}
Potions
 c - 2 potions of resistance
 l - 2 potions of heal wounds
 t - 4 potions of curing
 v - a potion of might
 G - 2 potions of attraction
 O - 2 potions of berserk rage
 P - 5 potions of brilliance


   Skills:
 - Level 10.0 Fighting
 - Level 16.0 Axes
 - Level 2.4 Dodging
 + Level 5.9 Invocations
 - Level 7.0 Shapeshifting


You had 10 spell levels left.
You didn't know any spells.
Your spell library contained the following spells:

 Spells                   Type           Power      Damage    Failure   Level
 Sting                    Conj/Alch      0%         1d3       83%         1
 Mercury Vapours          Alch/Air       0%         N/A       92%         2
 Olgreb's Toxic Radiance  Alch           0%         N/A       100%        4
 Malign Gateway           Summ/Tloc      0%         N/A       100%        7
 Summon Horrible Things   Summ           0%         N/A       100%        8


Dungeon Overview and Level Annotations

Branches:
Dungeon (10/15)            Temple (1/1) D:5            Lair (1/5) D:10
    Orc (0/2) D:9

Altars:
Ashenzari
Cheibriados
Dithmenos
Elyvilon
Fedhas
Gozag
Hepliaklqana
Kikubaaqudgha
Makhleb
Nemelex Xobeh
Okawaru
Qazlal
Ru
Sif Muna
Trog
Uskayaw
Vehumet
Wu Jian
Xom
Yredelemnul
Zin
The Shining One

Portals:
Trove: D:10 (give +7 demon trident)

Annotations:
D:3 3 runed translucent doors, exclusions: door and oklob plant, odbg100's ghost, amateur HOFi
D:8 1 runed translucent door, xnavy's ghost, novice GnCA


Message History

The polar bear is severely wounded.
The polar bear goes berserk!
Morguth hits the polar bear with a +0 scimitar!!
The polar bear dies!
Beogh accepts your kill.
Your orc priest looks encouraged for a moment.
The cane toad completely misses you.
You hit the cane toad.
The cane toad is lightly wounded.
The cane toad stings you!!
You hit the cane toad.
The cane toad is moderately wounded.
The cane toad stings you.
Morguth hits the cane toad with a +0 scimitar!
Your orc priest barely misses the cane toad.
You slice the cane toad!!
You kill the cane toad!
Beogh accepts your kill.
Your orc priest no longer looks unusually strong.
You swap places.
A komodo dragon comes into view.
The komodo dragon hisses angrily.
Morguth roars a battlecry!
Your orc priest goes into a battle-frenzy!
You hit the komodo dragon but do no damage.
The komodo dragon bites you!!
You barely miss the komodo dragon. The komodo dragon bites you!
You completely miss the komodo dragon. The komodo dragon bites you!
* * * LOW HITPOINT WARNING * * *
Morguth hits the komodo dragon with a +0 scimitar!!
Your orc priest hits the komodo dragon with a +0 hand axe!
You hit the komodo dragon but do no damage.
The komodo dragon is severely wounded.
The komodo dragon closely misses you.
Morguth hits the komodo dragon with a +0 scimitar!
Your orc priest barely misses the komodo dragon.
You hit the komodo dragon but do no damage.
The komodo dragon is almost dead.
The komodo dragon bites you!!
You die...

#......................##
###....#..............##
#....................
#####...†...>........###.
#......................
##.....................
##........†[.........
##..........o.......
##.#........hl......
.####..##.......o.......
.......##...............
...##..P#...............
.. #####..#########.... .
#### .#.. . . .


You could see a komodo dragon (ally target), the friendly Morguth the orc knight
and a friendly orc priest (strong).

Vanquished Creatures
  Maurice (D:9)
  A cane toad (Lair:1)
  An unseen horror (D:10)
  A kobold demonologist (D:9)
  Psyche (D:9)
  A troll (D:10)
  Sigmund (D:2)
  A vampire (D:10)
  5 yaks (D:8)
  Eustachio (D:5)
  3 vampire mosquitoes (D:9)
  An acid dragon (D:9)
  A water moccasin (Lair:1)
  An orc warrior (D:9)
  2 black bears
  An ice beast (D:8)
  An ogre (D:4)
  2 centaurs
  2 wolves (Lair:1)
  4 kobold brigands
  3 bullfrogs
  A gnoll sergeant (D:5)
  4 scorpions
  A wight (D:8)
  8 killer bees
  2 howler monkeys
  3 bombardier beetles
  A quasit (D:8)
  3 hounds (D:6)
  A jelly (D:5)
  A gnoll bouda (D:4)
  3 orc priests
  4 iguanas
  A sleepcap (D:5)
  3 orc wizards
  Robin (D:3)
  18 gnolls
  9 adders
  A dart slug (D:2)
  2 ribbon worms
  27 orcs
  2 bats
  4 endoplasms
  3 giant cockroaches (D:1)
  12 hobgoblins
  10 jackals
  14 kobolds
  4 quokkas
  7 ball pythons
  2 frilled lizards (D:1)
  11 goblins
  4 rats
202 creatures vanquished.

Vanquished Creatures (collateral kills)
  2 two-headed ogres (D:10)
  A polar bear (Lair:1)
  A troll (D:10)
  2 hornets
  A wraith (D:9)
  A wyvern (D:8)
  A yak (D:8)
  3 water moccasins
  A sky beast (D:7)
  An orc warrior (D:5)
  A wolf (Lair:1)
  An ogre (D:5)
  Blork the orc (D:5)
  2 bullfrogs
  2 scorpions
  2 wights (D:8)
  4 killer bees (D:10)
  A quasit (D:8)
  A jelly (D:8)
  An orc priest (D:7)
  A gnoll bouda (D:7)
  An orc wizard (D:10)
  An adder (D:5)
  A shadow imp (D:8)
  An ufetubus (D:8)
  An orc (D:9)
  7 kobolds
43 creatures vanquished.

Vanquished Creatures (others)
  An orc warrior (D:10)
  An orc priest (D:8)
  3 orc wizards
  11 orcs
16 creatures vanquished.

Grand Total: 261 creatures vanquished

Notes
Turn   | Place    | Note
-------+----------+-------------------------------------------
     0 | D:1      | avis the Hill Orc Monk began the quest for the Orb.
     0 | D:1      | Reached XP level 1. HP: 19/19 MP: 1/1
   124 | D:1      | Reached XP level 2. HP: 26/26 MP: 2/2
   264 | D:1      | Reached skill level 5 in Axes
   689 | D:1      | Reached XP level 3. HP: 24/31 MP: 3/3
   996 | D:2      | Noticed Sigmund
  1000 | D:2      | Killed Sigmund
  1001 | D:2      | Reached skill level 6 in Axes
  1001 | D:2      | Reached XP level 4. HP: 39/39 MP: 4/4
  1001 | D:2      | Reached XP level 5. HP: 45/45 MP: 5/5
  1642 | D:2      | Reached XP level 6. HP: 51/51 MP: 6/6
  1869 | D:3      | Noticed odbg100's ghost (amateur HOFi)
  1869 | D:3      | Found a runed translucent gate.
  1869 | D:3      | Found a runed translucent gate.
  1869 | D:3      | Found a runed translucent gate.
  2053 | D:3      | Found a stormy altar of Qazlal.
  2448 | D:3      | Found a shimmering blue altar of Sif Muna.
  2617 | D:3      | Found a blossoming altar of Fedhas.
  2617 | D:3      | Noticed Robin
  2634 | D:3      | Killed Robin
  2676 | D:3      | Noticed an oklob plant
  3032 | D:3      | Became a worshipper of Beogh the Brigand
  3032 | D:3      | Reached * piety under Beogh
  3032 | D:3      | Reached ** piety under Beogh
  3142 | D:3      | Reached skill level 7 in Axes
  3262 | D:3      | Reached skill level 5 in Fighting
  3262 | D:3      | Reached XP level 7. HP: 53/61 MP: 7/7
  3540 | D:4      | Reached skill level 8 in Axes
  4567 | D:5      | Entered Level 5 of the Dungeon
  4821 | D:5      | Reached skill level 9 in Axes
  4823 | D:5      | Reached XP level 8. HP: 44/68 MP: 8/8
  5039 | D:5      | Reached *** piety under Beogh
  5119 | D:5      | Noticed Eustachio
  5131 | D:5      | Killed Eustachio
  5132 | D:5      | Reached skill level 10 in Axes
  5143 | D:5      | Noticed Blork the orc
  5152 | D:5      | Killed Blork the orc
  5155 | D:5      | Reached skill level 5 in Shapeshifting
  5572 | D:5      | Reached skill level 11 in Axes
  5604 | D:5      | Found a snail-covered altar of Cheibriados.
  5989 | D:5      | Found a staircase to the Ecumenical Temple.
  5996 | Temple   | Entered the Ecumenical Temple
  6409 | D:6      | Reached XP level 9. HP: 71/74 MP: 9/9
  6414 | D:6      | Found a bloodstained altar of Trog.
  6782 | D:6      | Found a hide-covered altar of Uskayaw.
  6889 | D:6      | Identified the +1 hand axe "Ontuops" {vamp, *Slow rCorr
                  | Int+6 SInv}
  7066 | D:6      | Reached skill level 12 in Axes
  7281 | D:6      | Upgraded the game from 0.31-a0-1522-g43313d8a59 to
                  | 0.31-a0-1529-g7bd419a0e5
  7429 | D:7      | Found a sacrificial altar of Ru.
  7571 | D:7      | Found a basalt altar of Yredelemnul.
  7573 | D:7      | Noticed a profane servitor
  7586 | D:7      | Found a glowing golden altar of the Shining One.
  7588 | D:7      | Noticed an angel
  7608 | D:7      | Identified the +5 hand axe of Renib {drain, rPois rCorr
                  | Str-3 Int+5}
  7685 | D:7      | Noticed a hornet
  7694 | D:7      | Killed a hornet
  7695 | D:7      | Reached skill level 13 in Axes
  8258 | D:7      | Found an iron altar of Okawaru.
  8415 | D:8      | Reached **** piety under Beogh
  8418 | D:8      | Reached skill level 14 in Axes
  8929 | D:8      | Reached XP level 10. HP: 75/81 MP: 10/10
  8953 | D:8      | Reached skill level 15 in Axes
  9248 | D:8      | Found a runed translucent door.
  9249 | D:8      | Noticed xnavy's ghost (novice GnCA)
  9520 | D:9      | Noticed Psyche
  9530 | D:9      | Killed Psyche
  9550 | D:9      | Noticed Maurice
  9559 | D:9      | Killed Maurice
  9579 | D:9      | Found a radiant altar of Vehumet.
  9673 | D:9      | Reached skill level 16 in Axes
  9893 | D:9      | Found a staircase to the Orcish Mines.
 10224 | D:9      | Noticed a kobold demonologist
 10229 | D:9      | Noticed an orange demon
 10236 | D:9      | Killed a kobold demonologist
 10487 | D:9      | Found a shadowy altar of Dithmenos.
 10488 | D:9      | Found a hazy altar of Hepliaklqana.
 10729 | D:10     | Entered Level 10 of the Dungeon
 10741 | D:10     | Reached skill level 1 in Invocations
 11132 | D:10     | Noticed a two-headed ogre
 11137 | D:10     | Killed a two-headed ogre
 11138 | D:10     | Reached XP level 11. HP: 90/95 MP: 8/13
 11188 | D:10     | Found a portal to a secret trove of treasure.
 11250 | D:10     | Found a burning altar of Makhleb.
 11383 | D:10     | Noticed a two-headed ogre
 11392 | D:10     | Killed a two-headed ogre
 11635 | D:10     | Found a staircase to the Lair.
 11773 | Lair:1   | Entered Level 1 of the Lair of Beasts
 11782 | Lair:1   | Gained Morguth as an ally
 11785 | Lair:1   | Reached skill level 10 in Fighting
 11841 | Lair:1   | Reached skill level 5 in Invocations
 11877 | Lair:1   | Slain by a komodo dragon

Illustrated notes

Levels and vault maps discovered:
D:1:      mainiacjoe_arrival_reflecting_pool, layout_loops_corners,
          minmay_misc_feat_iff
D:2:      layout_loops_ring, uniq_sigmund
D:3:      layout_loops_ring, tgw_fedhas, old_standard_altar, led_sif_book,
          gammafunk_ghost_split, uniq_robin
D:4:      layout_loops_corners, kennysheep_potato
D:5:      layout_basic, old_standard_altar, temple_statues, sword_in_stone
D:6:      layout_loops_corners, nicolae_overflow_crystal_walls,
          mainiacjoe_overflow_small_starburst
D:7:      layout_cave_pools, grunt_temple_overflow_holy_war,
          nicolae_ru_awakened_eye, okawaru_altar_gauntlet_db,
          kennysheep_generic_room_10
D:8:      layout_rooms, serial_demonic, serial_demonic_c, serial_demonic_f,
          serial_demonic_e, serial_demonic_e, ebering_ghost_inner_flame
D:9:      layout_irregular_city, riverfiend_overflow_shadow_ancestor,
          nicolae_vehumet_altar_sigil, david_orc_3, wad_rectangle_vault,
          uniq_maurice, uniq_psyche
D:10:     layout_rooms, mainiacjoe_overflow_boulevard, lair_entry_dummy,
          nicolae_trove_entry_isolated, minmay_door_square
Temple:   hellmonk_temple_two_chambers
Lair:1:   layout_cave_shapes, gammafunk_ghost_icy

Skill      XL: |  1  2  3  4  5  6  7  8  9 10 11 |
---------------+----------------------------------+-----
Axes           | 5 6 7 9 11 14 16 | 16.0
Shapeshifting  | 3 4 5 6 7 |  7.0
Fighting       | 5 8 10 | 10.0
Invocations    | 3 5 |  5.9
Dodging        | |  2.4

Action                     |  1- 3 |  4- 6 |  7- 9 | 10-12 || total
---------------------------+-------+-------+-------+-------++-------
  Melee: Hand axe          |    62 |   144 |   127 |       ||   333
         War axe           |       |       |   200 |   138 ||   338
  Throw: Dart              |     4 |     3 |       |     4 ||    11
 Invoke: Convert to Beogh  |       |     1 |       |       ||     1
         Smiting           |       |       |       |     1 ||     1
  Evoke: Wand              |       |       |       |     2 ||     2
    Use: Scroll            |       |     2 |     2 |     3 ||     7
         Potion            |       |       |     3 |     1 ||     4
   Stab: Distracted        |       |       |     2 |       ||     2
 Armour: Robe              |    22 |       |       |       ||    22
         Leather armour    |       |     9 |       |       ||     9
         Plate armour      |       |    66 |       |       ||    66
         Chain mail        |       |    28 |   245 |    53 ||   326
         Acid dragon scale |       |       |       |    71 ||    71
  Dodge: Dodged            |    36 |    45 |   142 |    71 ||   294
  Block: Kite shield       |       |       |    62 |    84 ||   146
   Form: Beast             |     1 |     1 |     1 |     1 ||     4
                           |       |     1 |     1 |       ||     2
         Serpent           |       |       |       |     1 ||     1

Table legend: (Time is in decaauts)
 A = Elapsed time spent in this place.
 B = Non-inter-level travel time spent in this place.
 C = Inter-level travel time spent in this place.
 D = Time resting spent in this place.
 E = Time spent auto-exploring this place.
 F = Levels seen in this place.
 G = Mean time per level.
                   A        B        C        D        E       F      G
               +--------+--------+--------+--------+--------+-----+--------+
         Total |  11877 |  10428 |   1449 |   2034 |   5268 |  12 |  989.8 |
       Dungeon |  11561 |  10112 |   1449 |   2034 |   5268 |  10 | 1156.1 |
        Temple |    214 |    214 |      0 |      0 |      0 |   1 |  214.0 |
          Lair |    101 |    101 |      0 |      0 |      0 |   1 |  101.0 |
               +--------+--------+--------+--------+--------+-----+--------+

Top non-repeatable levels by time:
     D:5: 1602 daAuts
     D:3: 1426 daAuts
     D:4: 1421 daAuts
     D:6: 1331 daAuts
     D:9: 1249 daAuts
     D:1: 1075 daAuts
     D:7: 923 daAuts
     D:8: 871 daAuts
    D:10: 832 daAuts
     D:2: 826 daAuts
  Temple: 214 daAuts
  Lair:1: 101 daAuts
